 Dungeon Crawl Stone Soup version 0.28-a0-1447-ga5a8893891 (webtiles) character file.

Game seed: 11446579842874140043

179097 Shayle the Spry (level 18, -8/157 HPs)
             Began as a Djinni Air Elementalist on Jan 11, 2022.
             Was the Champion of Ashenzari.
             Mangled by a culicivora (10 damage)
             ... on level 4 of the Lair of Beasts.
             The game lasted 03:00:44 (35374 turns).

Shayle the Spry (Djinni Air Elementalist)          Turns: 35374, Time: 03:00:44

Health: -8/157     AC: 12    Str:  7    XL:     18   Next: 52%
Gold:   1613       EV: 29    Int: 24    God:    Ashenzari [******] SH: 16 Dex: 19

rFire   + + +      SeeInvis +   q - +9 spear of Ashenzari's Dogma {protect, rF++ rC+, Fort, Self} (curse)
rCold   + . .      Faith    .   c - +4 buckler of the All-seeing Sophism {Regen+, Cun, Self} (curse)
rNeg    + . .      Spirit   .   h - +1 leather armour "Cryptic Water Diviner" {Cun, Range} (curse)
rPois   ∞          Reflect  +   H - +2 hat "Bound With Me" {Self, Range} (curse)
rElec   .          Harm     .   S - +2 cloak of Ashenzari's Jealousy {Fort, Melee} (curse)
rCorr   .          Rampage  .   Z - +2 pair of gloves "At What Cost Knowledge?" {Fort, Self} (curse)
Will    +....      Clarity  +   (boots unavailable)
Stlth   ++++++....              X - amulet of Ashenzari's Oracle {Reflect rC+ Dex+4 SH+5 SInv, Cun, Self} (curse)
HPRegen 1.16/turn               m - ring "Bound Together" {rN+, Self, Range} (curse)
MPRegen 0.00/turn               N - ring of the Manifest Blue Moon {EV+4, Cun, Fort} (curse)

@: on berserk cooldown, flying, studying Unarmed Combat
A: sickness immunity, fire resistance 2, cold vulnerability 1, float, innate
caster, hp casting, extra vitality 1
}: 1/15 runes: barnacled
a: Renounce Religion, Shatter the Chains


You were on level 4 of the Lair of Beasts.
You worshipped Ashenzari.
Ashenzari was exalted by your worship.
You visited 6 branches of the dungeon, and saw 29 of its levels.
You also visited: Bailey and Ice Cave.

You collected 3083 gold pieces.
You spent 1470 gold pieces at shops.

Inventory:

Hand Weapons
 q - the cursed +9 spear of Ashenzari's Dogma (weapon) {protect, rF++ rC+, Fort, Self}
   (You found it on level 5 of the Dungeon)

   It grants its wielder temporary protection when it strikes (+7 to AC).
   rF:        It greatly protects you from fire.
   rC:        It protects you from cold.
   It has a curse which improves the following skills: Fortitude: Armour and
   Shields.
   Introspection: Fighting and Spellcasting.
 G - a +2 falchion of distortion
 V - the +6 bardiche "Umuret" {vorpal, rF+ rCorr}
   (You found it on level 4 of the Shoals)

   It inflicts extra damage upon your enemies.
   rF:        It protects you from fire.
   rCorr:     It protects you from acid and corrosion.
Missiles
 d - 103 poisoned darts
 u - 8 boomerangs of dispersal
 B - 7 silver javelins
 D - 2 silver boomerangs
 O - 9 throwing nets
Armour
 c - the cursed +4 buckler of the All-seeing Sophism (worn) {Regen+, Cun, Self}
   (You acquired it in a bailey)

   Regen:     It increases your rate of health regeneration.
   It has a curse which improves the following skills: Cunning: Dodging and
   Stealth.
   Introspection: Fighting and Spellcasting.
 h - the cursed +1 leather armour "Cryptic Water Diviner" (worn) {Cun, Range}
   (You found it on level 2 of the Dungeon)

   It has a curse which improves the following skills: Cunning: Dodging and
   Stealth.
   Ranged Combat: Slings, Bows, Crossbows and Throwing.
 H - the cursed +2 hat "Bound With Me" (worn) {Self, Range}
   (You took it off Gastronok on level 9 of the Dungeon)

   It has a curse which improves the following skills: Introspection: Fighting
   and Spellcasting.
   Ranged Combat: Slings, Bows, Crossbows and Throwing.
 S - the cursed +2 cloak of Ashenzari's Jealousy (worn) {Fort, Melee}
   (You took it off Maurice on level 8 of the Dungeon)

   It has a curse which improves the following skills: Fortitude: Armour and
   Shields.
   Melee Combat: Short Blades, Long Blades, Axes, Maces & Flails, Polearms,
   Staves and Unarmed Combat.
 U - the +1 robe of Agokytoe {Int+2}
   (You found it on level 5 of the Lair of Beasts)

   Int:       It affects your intelligence (+2).
 Z - the cursed +2 pair of gloves "At What Cost Knowledge?" (worn) {Fort, Self}
   (You found it on level 14 of the Dungeon)

   It has a curse which improves the following skills: Fortitude: Armour and
   Shields.
   Introspection: Fighting and Spellcasting.
Jewellery
 m - the cursed ring "Bound Together" (left hand) {rN+, Self, Range}
   (You took it off a gnoll on level 4 of the Dungeon)

   [ring of positive energy]

   rN:        It protects you from negative energy.
   It has a curse which improves the following skills: Introspection: Fighting
   and Spellcasting.
   Ranged Combat: Slings, Bows, Crossbows and Throwing.
 N - the cursed ring of the Manifest Blue Moon (right hand) {EV+4, Cun, Fort}
   (You found it on level 2 of the Lair of Beasts)

   [ring of evasion]

   EV:        It affects your evasion (+4).
   It has a curse which improves the following skills: Cunning: Dodging and
   Stealth.
   Fortitude: Armour and Shields.
 W - the ring of Fifon {Wiz rN+ SInv}
   (You found it on level 6 of the Lair of Beasts)

   [ring of wizardry]

   It improves your spell success rate.
   rN:        It protects you from negative energy.
   SInv:      It lets you see invisible.
 X - the cursed amulet of Ashenzari's Oracle (around neck) {Reflect rC+ Dex+4 SH+5 SInv, Cun, Self}
   (You bought it in a shop on level 2 of the Orcish Mines)

   [amulet of reflection]

   It reflects blocked missile attacks.
   Dex:       It affects your dexterity (+4).
   rC:        It protects you from cold.
   SInv:      It lets you see invisible.
   SH:        It affects your SH (+5).
   It has a curse which improves the following skills: Cunning: Dodging and
   Stealth.
   Introspection: Fighting and Spellcasting.
Wands
 a - a wand of digging (11)
 e - a wand of paralysis (31)
 f - a wand of mindburst (39)
 y - a wand of flame (65)
 F - a wand of iceblast (44)
Scrolls
 i - 2 scrolls of silence
 k - a scroll of holy word
 o - 3 scrolls of vulnerability
 p - 16 scrolls of teleportation
 I - 6 scrolls of fog
 L - 2 scrolls of blinking
 P - 2 scrolls of immolation
 R - 3 scrolls of magic mapping
 T - 4 scrolls of fear
 Y - a scroll of summoning
Potions
 j - a potion of berserk rage
 l - a potion of cancellation
 n - 11 potions of curing
 t - 2 potions of invisibility
 w - a potion of brilliance
 A - 2 potions of mutation
 E - a potion of haste
 J - a potion of might
 K - 4 potions of ambrosia
 M - 2 potions of resistance
 Q - 2 potions of lignification
Miscellaneous
 z - a condenser vane


   Skills:
 + Level 14.9(23.0) Fighting
 - Level 9.2(14.3) Throwing
 + Level 15.0(21.1) Dodging
 - Level 8.2(14.3) Stealth
 - Level 3.0(7.9) Shields
 + Level 13.4(16.0) Unarmed Combat
 + Level 11.0(19.1) Spellcasting
 + Level 11.5 Evocations


You had 15 spell levels left.
You knew the following spells:

 Your Spells              Type           Power      Damage    Failure   Level
a - Shock                 Conj/Air       100%       1d9       0%          1
b - Static Discharge      Conj/Air       86%        N/A       0%          2
c - Swiftness             Air            86%        N/A       0%          3
d - Airstrike             Air            43%        N/A       0%          4
e - Summon Small Mammal   Summ           100%       N/A       0%          1
f - Blink                 Tloc           100%       N/A       0%          2
g - Scorch                Fire           100%       2d10      0%          2
h - Mephitic Cloud        Conj/Pois/Air  86%        N/A       0%          3
i - Freezing Cloud        Conj/Ice/Air   43%        6-21      1%          5
j - Fireball              Conj/Fire      43%        3d17      1%          5
k - Iron Shot             Conj/Erth      43%        9d8       1%          6
l - Dispersal             Tloc           43%        N/A       1%          6
Your spell library was empty.

Dungeon Overview and Level Annotations

Branches:
Dungeon (15/15)            Temple (1/1) D:5            Lair (6/6) D:9
 Shoals (4/4) Lair:3       Spider (1/4) Lair:4        Slime (0/5) Lair:6
    Orc (2/2) D:12            Elf (0/3) Orc:2        Bailey (visited)
  IceCv (visited)
 Vaults: D:13-14     Depths: D:15

Altars:
Ashenzari
Elyvilon
Gozag
Hepliaklqana
Nemelex Xobeh
Qazlal
Uskayaw
Vehumet
Beogh

Shops:
D:7 (   D:13 =   Orc:1 [!(==   Orc:2 *[=?   Shoals:1 *   Shoals:3 [

Annotations:
D:4 1 runed translucent door, Crazy Yiuf
D:14 1 exclusion
D:15 exclusion: obsidian statue
Lair:1 2 runed translucent doors, shadowrider38's ghost, journeyman TrFi
Lair:4 3 runed translucent doors, Piwky's ghost, journeyman TrMo; Xutikh's ghost, journeyman SpCA
Orc:1 3 runed translucent doors, Bygg's ghost, novice VSBr


Innate Abilities, Weirdness & Mutations

You are immune to sickness and miasma.
You are immune to poison.
Your flesh is very heat resistant. (rF++)
You are vulnerable to cold. (rC-)
You float through the air rather than walking.
You learn spells naturally, not from books.
Your magical power is your life essence.
You have superior vitality. (+4 MHP)


Message History

You block the meliai's attack. The meliai completely misses you.
The jumping spider leaps!
The meliai misses you. The meliai completely misses you.
You block the culicivora's attack. The meliai misses you.
You block the meliai's attack.
You fly upwards.
Welcome back to the Lair of Beasts!
Level annotation: 3 runed translucent doors, Piwky's ghost, journeyman TrMo; Xutikh's ghost, journeyman SpCA You feel yourself speed up.
There is a hole to the Spider Nest here.
You feel better. The meliai completely misses you.
You block the meliai's attack. The meliai completely misses you.
You block the meliai's attack. The culicivora misses you.
The meliai misses you. The meliai completely misses you.
The meliai closely misses you. You block the meliai's attack.
The culicivora bites you!
* * * LOW HITPOINT WARNING * * *
You feel better. You block the meliai's attack. The meliai misses you.
You block the meliai's attack. The meliai closely misses you. x2
The meliai misses you. You block the culicivora's attack.
You block the meliai's attack. The meliai completely misses you.
Unknown command.
You feel better.
The meliai invokes the aid of its god against you.
Something smites you!
* * * LOW HITPOINT WARNING * * *
The meliai misses you. You block the meliai's attack.
The culicivora misses you. You block the meliai's attack.
The meliai closely misses you. x2; The meliai completely misses you.
You block the culicivora's attack.
You feel better.
The meliai zaps a wand.
You easily resist.
The meliai calls down the wrath of its god upon you.
Something smites you!
* * * LOW HITPOINT WARNING * * *
The meliai zaps a wand.
You easily resist.
You block the culicivora's attack. The meliai completely misses you. x2
Unknown command.
You feel better. The meliai completely misses you.
You block the meliai's attack. The meliai misses you. The meliai stings you!
* * * LOW HITPOINT WARNING * * *
The culicivora bites you!
You die...

#.##..#.###...........##.##.##.#P
############.......##############
############......P##############
########............###########
###..#....##..####
###.####..##..##
###.##.#.#.##..##
###..##.sy.....###
#####.....@......######
#####......y##..##.####
#####.##.#.#.#...##.###
###...####.####.....###
####....#...........###
#######...............#.##
########.#........##...#### #
######.#..........##P..#########
##.##............###..##########


You could see a culicivora and 2 meliai.

Vanquished Creatures
  An Ice Fiend (IceCv)
  Rupert (D:13)
  Jorgrun (Orc:2)
  Frances (D:12)
  Kirke (Shoals:1)
  Gastronok (D:9)
  An orc warlord (Orc:2)
  2 ghouls
  2 very ugly things
  9 merfolk impalers
  Josephine (D:10)
  A fire dragon (D:14)
  2 merfolk javelineers (Shoals:4)
  Harold (D:10)
  Erolcha (Orc:2)
  2 caustic shrike simulacra (IceCv)
  5 hydras
  5 boulder beetles
  2 catoblepae
  2 merfolk avatars
  3 centaur warriors
  3 satyrs
  A radroach (Spider:1)
  7 merfolk aquamancers
  A two-headed ogre (D:12)
  3 death yaks
  An alligator snapping turtle (Shoals:4)
  4 orc high priests (Orc:2)
  A tengu warrior (D:12)
  Urug (D:11)
  Nergalle (Orc:1)
  A pharaoh ant (Spider:1)
  8 sea snakes
  3 orb spiders (Spider:1)
  An obsidian statue (IceCv)
  2 wizards (D:11)
  8 spriggan simulacra (IceCv)
  9 orc knights
  11 harpies
  3 deep elf pyromancers
  A wolf spider zombie (D:14)
  7 cyclopes
  4 wolf spiders (Spider:1)
  6 ugly things (D:11)
  13 manticores
  18 fauns
  6 orc sorcerers
  5 merfolk sirens
  15 elephants
  Maurice (D:8)
  5 water nymphs
  4 black mambas
  Joseph (D:10)
  2 torpor snails (Spider:1)
  10 cane toads
  Psyche (D:12)
  An unseen horror (D:11)
  2 demonic crawlers (Spider:1)
  8 komodo dragons
  A tengu conjurer (D:12)
  3 rime drakes
  3 freezing wraiths (IceCv)
  2 kobold demonologists
  6 entropy weaver simulacra (IceCv)
  8 ice devils (IceCv)
  A redback zombie (D:14)
  23 merfolk
  6 polar bears
  5 trolls
  22 blink frogs
  7 hornets
  9 tarantellas (Spider:1)
  4 slime creatures (D:15)
  10 snapping turtles
  5 wind drakes
  9 dream sheep
  10 jumping spiders (Spider:1)
  4 culicivoras (Spider:1)
  A shadow (D:11)
  A dire elephant simulacrum (IceCv)
  14 spriggans (Lair:6)
  5 wyverns
  37 yaks
  8 basilisks
  9 wraiths
  3 water elementals
  6 redbacks (Spider:1)
  5 hogs (Shoals:1)
  2 vampire mosquitoes (D:11)
  9 minotaur simulacra (IceCv)
  2 steam dragons (D:9)
  Menkaure (D:7)
  A harpy simulacrum (IceCv)
  13 water moccasins
  5 wargs
  2 ice beasts (D:7)
  55 orc warriors
  2 hornet zombies
  3 necrophages
  5 black bears
  An ettin simulacrum (IceCv)
  13 ogres
  4 boggarts (Lair:6)
  25 wolves
  8 centaurs
  A kobold brigand (D:9)
  6 bullfrogs
  2 gnoll sergeants
  5 deep troll simulacra (IceCv)
  A water moccasin zombie (D:3)
  6 scorpions
  A water moccasin skeleton (D:7)
  5 lindwurm simulacra (IceCv)
  11 killer bees
  9 electric eels
  4 wights (D:7)
  4 howler monkeys
  10 centaur zombies
  27 orc priests
  3 hounds
  2 gnoll shamans
  A bullfrog skeleton (D:5)
  A centaur skeleton (D:4)
  19 orc wizards
  A scorpion zombie (D:5)
  An iguana (D:5)
  A killer bee zombie (D:8)
  A mummy (D:14)
  A howler monkey zombie (D:9)
  15 gnolls
  7 adders
  A shadow imp (D:5)
  2 white imps
  An adder zombie (D:4)
  An adder skeleton (D:4)
  3 worms
  A dart slug (D:3)
  121 orcs
  5 endoplasms
  7 giant cockroaches
  18 goblins
  18 hobgoblins
  7 jackals
  13 kobolds
  3 quokkas
  8 ball pythons
  6 bats
  2 frilled lizards (D:3)
  3 rats
967 creatures vanquished.

Vanquished Creatures (others)
  A vault guard (D:14)
  A manticore (Shoals:1)
  A human (D:14)
  A jelly (D:5)
  3 bushes (D:9)
  21 fungi
  86 plants
  3 toadstools (D:10)
117 creatures vanquished.

Grand Total: 1084 creatures vanquished

Notes
Turn   | Place    | Note
-------+----------+-------------------------------------------
     0 | D:1      | Shayle the Djinni Air Elementalist began the quest for the
                  | Orb.
     0 | D:1      | Reached XP level 1. HP: 15/15 MP: 0/0
    74 | D:1      | Reached XP level 2. HP: 8/22 MP: 0/0
   308 | D:1      | Reached skill level 1 in Fighting
   337 | D:1      | Reached XP level 3. HP: 11/27 MP: 0/0
   337 | D:1      | Learned a level 1 spell: Summon Small Mammal
  2163 | D:2      | Reached XP level 4. HP: 23/33 MP: 0/0
  2525 | D:3      | Reached skill level 3 in Dodging
  2525 | D:3      | Reached XP level 5. HP: 19/39 MP: 0/0
  2525 | D:3      | Learned a level 2 spell: Blink
  3857 | D:4      | Reached XP level 6. HP: 23/46 MP: 0/0
  4182 | D:4      | Found a sparkling altar of Nemelex Xobeh.
  4220 | D:4      | Noticed a necrophage
  4244 | D:4      | Killed a necrophage
  4245 | D:4      | Reached XP level 7. HP: 31/51 MP: 0/0
  4245 | D:4      | Learned a level 2 spell: Scorch
  4431 | D:4      | Found a runed translucent door.
  4432 | D:4      | Noticed Crazy Yiuf
  4526 | D:4      | Reached skill level 4 in Dodging
  5917 | D:5      | Entered Level 5 of the Dungeon
  5918 | D:5      | Identified the +9 spear "Yppooxuss" {protect, rF++ rC+}
  6043 | D:5      | Reached skill level 5 in Fighting
  6043 | D:5      | Reached XP level 8. HP: 55/59 MP: 0/0
  6073 | D:5      | Found a staircase to the Ecumenical Temple.
  6082 | Temple   | Entered the Ecumenical Temple
  6161 | Temple   | Became a worshipper of Ashenzari the Shackled
  6956 | D:6      | Reached skill level 5 in Dodging
  7529 | D:7      | Found Exigo's Antique Weapon Emporium.
  7865 | D:7      | Reached XP level 9. HP: 29/67 MP: 0/0
  7865 | D:7      | Learned a level 3 spell: Mephitic Cloud
  8157 | D:7      | Found a white marble altar of Elyvilon.
  8579 | D:7      | Noticed Menkaure
  8582 | D:7      | Killed Menkaure
  8716 | D:7      | Reached skill level 6 in Dodging
  8718 | D:7      | Reached skill level 5 in Stealth
  9409 | D:8      | Found a flagged portal.
  9428 | Bailey   | Entered a bailey
  9920 | Bailey   | Acquired the +4 buckler of Agoraphobia {Regen+}
  9959 | Bailey   | Noticed a kobold demonologist
  9970 | Bailey   | Reached skill level 5 in Spellcasting
  9970 | Bailey   | Reached XP level 10. HP: 76/77 MP: 0/0
  9970 | Bailey   | Noticed an orc sorcerer
  9977 | Bailey   | Killed an orc sorcerer
  9978 | Bailey   | Reached skill level 1 in Shields
 10051 | Bailey   | Found an iron altar of Okawaru.
 10064 | Bailey   | Reached skill level 7 in Dodging
 10083 | Bailey   | Killed a kobold demonologist
 10137 | Bailey   | Reached * piety under Ashenzari
 10452 | D:8      | Noticed Maurice
 10477 | D:8      | Killed Maurice
 10682 | D:8      | Reached skill level 1 in Throwing
 11011 | D:8      | Reached ** piety under Ashenzari
 11051 | D:8      | Identified the +8 rapier of the Tooth {drain, Int+3}
 11604 | D:9      | Noticed Gastronok
 11620 | D:9      | Killed Gastronok
 11621 | D:9      | Reached XP level 11. HP: 51/87 MP: 0/0
 11621 | D:9      | Learned a level 5 spell: Freezing Cloud
 11722 | D:9      | Reached skill level 8 in Dodging
 11798 | D:9      | Found a staircase to the Lair.
 12342 | D:9      | Reached *** piety under Ashenzari
 12423 | Lair:1   | Entered Level 1 of the Lair of Beasts
 12857 | Lair:1   | Reached skill level 1 in Unarmed Combat
 12857 | Lair:1   | Reached skill level 1 in Evocations
 12887 | Lair:1   | Reached skill level 10 in Fighting
 12975 | Lair:1   | Found a large runed translucent door.
 12977 | Lair:1   | Found a large runed translucent door.
 12980 | Lair:1   | Noticed shadowrider38's ghost (journeyman TrFi)
 13561 | Lair:2   | Noticed an elephant
 13570 | Lair:2   | Reached XP level 12. HP: 69/96 MP: 0/0
 13604 | Lair:2   | Reached skill level 9 in Dodging
 14072 | Lair:2   | Noticed a seven-headed hydra
 14078 | Lair:2   | Killed a seven-headed hydra
 15200 | Lair:3   | Reached **** piety under Ashenzari
 15579 | Lair:3   | Found a staircase to the Shoals.
 15952 | Lair:4   | Reached XP level 13. HP: 107/108 MP: 0/0
 15952 | Lair:4   | Learned a level 5 spell: Fireball
 15958 | Lair:4   | Found a runed translucent gate.
 15958 | Lair:4   | Found a runed translucent gate.
 15958 | Lair:4   | Found a runed translucent gate.
 15958 | Lair:4   | Noticed Xutikh's ghost (journeyman SpCA)
 15982 | Lair:3   | Reached skill level 5 in Throwing
 16133 | Lair:4   | Reached skill level 10 in Dodging
 16449 | D:8      | Reached ***** piety under Ashenzari
 16639 | Lair:4   | Reached skill level 5 in Unarmed Combat
 16729 | Lair:4   | Reached skill level 5 in Evocations
 16773 | Lair:4   | Found a hole to the Spider Nest.
 16885 | Lair:4   | Noticed Piwky's ghost (journeyman TrMo)
 17661 | Lair:5   | Noticed a catoblepas
 17670 | Lair:5   | Killed a catoblepas
 17708 | Lair:5   | Identified the +1 robe of Agokytoe {Int+2}
 17757 | Lair:5   | Noticed an eight-headed hydra
 17764 | Lair:5   | Killed an eight-headed hydra
 17774 | Lair:5   | Noticed a four-headed hydra
 17778 | Lair:5   | Killed a four-headed hydra
 18215 | Lair:6   | Entered Level 6 of the Lair of Beasts
 18448 | Lair:6   | Reached XP level 14. HP: 114/120 MP: 0/0
 18680 | Lair:6   | Reached skill level 11 in Dodging
 18767 | Lair:6   | Identified the +8 hand axe of Jucvau {speed, rElec}
 18960 | Lair:6   | Identified the ring of Fifon {Wiz rN+ SInv}
 19199 | Lair:6   | Found a staircase to the Slime Pits.
 19592 | Lair:6   | Found a hazy altar of Hepliaklqana.
 20018 | D:10     | Entered Level 10 of the Dungeon
 20230 | D:10     | Noticed Joseph
 20235 | D:10     | Killed Joseph
 20388 | D:10     | Noticed Harold
 20897 | D:10     | Noticed Josephine
 20902 | D:10     | Killed Josephine
 21244 | D:10     | Killed Harold
 21770 | D:11     | Noticed Urug
 22172 | D:11     | Reached XP level 15. HP: 107/127 MP: 0/0
 22172 | D:11     | Learned a level 6 spell: Iron Shot
 22285 | D:11     | Noticed a brown very ugly thing
 22292 | D:11     | Killed a brown very ugly thing
 22658 | D:12     | Reached skill level 12 in Dodging
 22833 | D:11     | Killed Urug
 23008 | D:12     | Noticed Psyche
 23014 | D:12     | Killed Psyche
 23046 | D:12     | Identified the +2 tower shield "Bafaimp" {Drain rN+ rCorr
                  | Str+5 Stlth+}
 23293 | D:12     | Found a staircase to the Orcish Mines.
 23322 | D:12     | Noticed Frances
 23337 | D:12     | Killed Frances
 23554 | D:13     | Found Joleres's Jewellery Shop.
 23759 | D:13     | Found a hazy altar of Hepliaklqana.
 23799 | D:13     | Noticed Rupert
 23803 | D:13     | Paralysed by Rupert for 3 turns
 23812 | D:13     | Killed Rupert
 24247 | D:14     | Noticed a ghoul
 24254 | D:14     | Killed a ghoul
 24485 | D:14     | Noticed a ghoul
 24490 | D:15     | Entered Level 15 of the Dungeon
 25129 | D:15     | Killed a ghoul
 25518 | D:14     | Reached ****** piety under Ashenzari
 25785 | Orc:1    | Entered Level 1 of the Orcish Mines
 25785 | Orc:1    | Noticed Nergalle
 25820 | Orc:1    | Killed Nergalle
 25881 | Orc:1    | Reached XP level 16. HP: 134/140 MP: 0/0
 26021 | Orc:1    | Found Xumecweg's Jewellery Shoppe.
 26026 | Orc:1    | Found Mair's Jewellery Boutique.
 26322 | Orc:1    | Found a runed translucent gate.
 26322 | Orc:1    | Found a runed translucent gate.
 26322 | Orc:1    | Found a runed translucent gate.
 26325 | Orc:1    | Noticed Bygg's ghost (novice VSBr)
 26397 | Orc:1    | Found Xaebash's Distillery.
 26431 | Orc:1    | Bought a potion of curing for 33 gold pieces
 26431 | Orc:1    | Bought a potion of heal wounds for 55 gold pieces
 26431 | Orc:1    | Bought a potion of curing for 33 gold pieces
 26431 | Orc:1    | Bought a potion of resistance for 110 gold pieces
 26431 | Orc:1    | Bought a potion of degeneration for 11 gold pieces
 26486 | Orc:1    | Found Eqethuk's Armour Boutique.
 26488 | Orc:1    | Found Acrov's Antique Weapon Boutique.
 26602 | Orc:2    | Entered Level 2 of the Orcish Mines
 26795 | Orc:2    | Noticed Erolcha
 26807 | Orc:2    | Killed Erolcha
 27201 | Orc:2    | Noticed Jorgrun
 27292 | Orc:2    | Killed Jorgrun
 27444 | Orc:2    | Reached skill level 13 in Dodging
 27478 | Orc:2    | Found Xuarari's Antique Armour Shoppe.
 27649 | Orc:2    | Found Qemog's Assorted Antiques.
 28533 | Orc:2    | Found Dufaoff's Jewellery Shop.
 28671 | Orc:2    | Found Dezujufo's Magic Scroll Boutique.
 28683 | Orc:2    | Bought a scroll of teleportation for 42 gold pieces
 28683 | Orc:2    | Bought a scroll of teleportation for 42 gold pieces
 28683 | Orc:2    | Bought a scroll of teleportation for 42 gold pieces
 29160 | Orc:2    | Found a staircase to the Elven Halls.
 29346 | Orc:2    | Bought the amulet of Esko {Reflect rC+ Dex+4 SH+5 SInv} for
                  | 1018 gold pieces
 29572 | Shoals:1 | Entered Level 1 of the Shoals
 29636 | Shoals:1 | Found a frozen archway.
 29678 | IceCv    | Entered an ice cave
 29703 | IceCv    | Reached skill level 10 in Unarmed Combat
 29882 | IceCv    | Noticed an Ice Fiend
 29911 | IceCv    | Killed an Ice Fiend
 30385 | IceCv    | Reached XP level 17. HP: 135/143 MP: 0/0
 30385 | IceCv    | Learned a level 6 spell: Dispersal
 30814 | Shoals:1 | Found Hoggil's General Store.
 30820 | Shoals:1 | Noticed Kirke
 30830 | Shoals:1 | Killed Kirke
 30831 | Shoals:1 | Reached skill level 10 in Spellcasting
 30870 | Shoals:1 | Bought a scroll of teleportation for 42 gold pieces
 30870 | Shoals:1 | Bought 2 silver boomerangs for 42 gold pieces
 31426 | Shoals:2 | Reached skill level 10 in Evocations
 32254 | Shoals:3 | Found Perseus's Dragon-Slaying Spoils.
 32784 | Shoals:3 | Reached skill level 14 in Dodging
 32841 | Shoals:3 | Identified the +1 ring mail of Gylees {rF- rN+ Will+++}
 33240 | Shoals:4 | Entered Level 4 of the Shoals
 33555 | Shoals:4 | Identified the +7 dagger "Plog" {vorpal, rPois Str+2 Int-4}
 34201 | Shoals:4 | Reached XP level 18. HP: 132/157 MP: 0/0
 34324 | Shoals:4 | Got a barnacled rune of Zot
 34367 | Shoals:4 | Identified the +6 bardiche "Umuret" {vorpal, rF+ rCorr}
 35169 | Spider:1 | Entered Level 1 of the Spider Nest
 35338 | Spider:1 | Reached skill level 15 in Dodging
 35368 | Spider:1 | HP: 5/157 [meliai (5)]
 35373 | Lair:4   | HP: 3/157 [meliai/divine providence (15)]
 35374 | Lair:4   | Mangled by a culicivora

Illustrated notes

Levels and vault maps discovered:
D:1:      lemuel_arrival_room, layout_basic
D:2:      layout_basic, kennysheep_big_empty_room, minmay_statues_item
D:3:      layout_loops_ring
D:4:      layout_cave_pools, nemelex_xobeh_ov_fountains_minmay, nzn_random_ring,
          uniq_crazy_yiuf_cottage
D:5:      layout_loops_cross, minmay_temple_entry_grid, lemuel_old_faithful
D:6:      layout_basic
D:7:      layout_basic, elyvilon_altar_1, serial_shops, kennysheep_mini_moat,
          uniq_menkaure
D:8:      layout_basic, enter_bailey_5, mrwooster_statue_mirror, st_stairs_6,
          ebering_dispersal_statue_hall, uniq_maurice
D:9:      layout_basic, minmay_lair_entry_grove, uniq_gastronok
D:10:     layout_gridville, minmay_misc_feat_iff, minmay_gold_behind_fungi,
          sword_in_stone, uniq_josephine
D:11:     cheibrodos_breeding_chamber, layout_small_grid, uniq_urug
D:12:     layout_rooms, orc_0_dummy, uniq_psyche, uniq_frances
D:13:     nicolae_cairo_tiling, layout_irregular_city, serial_shops,
          nicolae_shop_advertising_works [nicolae_subvault_shop_adworks],
          nicolae_hepliaklqana_hazy_memory, uniq_rupert
D:14:     layout_basic, ximxim_vaults_locker_room, minivault_27, serial_undead,
          serial_undead_c, serial_undead_c, serial_undead_d, serial_undead_c
D:15:     hangedman_depths_entry_try_elsewhere_first, layout_basic,
          serial_shops, nicolae_shop_bloodbath_and_beyond, tso_altar,
          minivault_16
Temple:   mainiacjoe_temple_cubbyholes
Lair:1:   layout_small_grid, ebering_ghost_disaster_area, uniq_harold
Lair:2:   layout_small_grid
Lair:3:   layout_cave_shapes, minmay_shoals_entry_hut, serial_bayou_shore_a
Lair:4:   layout_hall_layers, nicolae_spider_entry_non_spiders,
          gammafunk_ghost_cemetery, infiniplex_staircase_pool
Lair:5:   layout_long_grid, grunt_megastairs_1, serial_bayou_shore_b
Lair:6:   minmay_lair_end_enchanted_forest, layout_hall_layers,
          dpeg_slime_entry_corner, basic_altar, minivault_11,
          serial_bayou_shore_b
Shoals:1: layout_shoals, portal_ice_cave_entry_pillars_2, serial_shops,
          nicolae_square_shop, uniq_kirke
Shoals:2: layout_shoals
Shoals:3: layout_shoals, nicolae_shop_dragon_depot, nicolae_splish_splash
Shoals:4: shoals_end_grunt_ice, layout_shoals
Spider:1: layout_spider_delve, uniq_roxanne
Orc:1:    layout_caves, gammafunk_ghost_necromancy, serial_shops,
          nicolae_shop_stone, nicolae_lakefront_shop, nicolae_shop_crystal,
          nicolae_shop_competitors_out_of_business, shop, uniq_nergalle
Orc:2:    pubby_orc_utopia, uniq_jorgrun, uniq_erolcha

Skill      XL: |  1  2  3  4  5  6  7  8  9 10 11 12 13 14 15 16 17 18 |
---------------+-------------------------------------------------------+-----
Fighting       | 1 2 3 5 6 8 9 10 11 12 13 14 | 14.9
Stealth        | 2 3 4 5 6 7 8 |  8.2
Dodging        | 3 4 5 6 7 8 9 10 11 12 13 14 15 | 15.0
Spellcasting   | 3 4 5 6 7 8 9 10 11 | 11.0
Shields        | 3 |  3.0
Throwing       | 2 3 4 6 7 8 9 |  9.2
Unarmed Combat | 2 4 6 7 8 10 12 13 | 13.4
Evocations     | 2 4 5 7 8 9 11 | 11.5

Action                   |  1- 3 |  4- 6 |  7- 9 | 10-12 | 13-15 | 16-18 || total
-------------------------+-------+-------+-------+-------+-------+-------++-------
Melee: Dagger            |     9 |    15 |       |       |       |       ||    24
       Quarterstaff      |       |    46 |    37 |       |       |       ||    83
       Spear             |       |       |    68 |   235 |   263 |   136 ||   702
 Cast: Shock             |    69 |    44 |    21 |       |       |       ||   134
       Static Discharge  |       |     3 |       |       |       |     6 ||     9
       Scorch            |       |       |    82 |    65 |    92 |       ||   239
       Blink             |       |       |     1 |     1 |       |       ||     2
       Summon Small Mamm |       |       |     1 |       |       |       ||     1
       Airstrike         |       |       |    23 |     6 |       |     3 ||    32
       Mephitic Cloud    |       |       |    11 |    45 |    56 |     9 ||   121
       Freezing Cloud    |       |       |       |    51 |    95 |   169 ||   315
       Fireball          |       |       |       |       |    95 |    70 ||   165
       Swiftness         |       |       |       |       |     1 |       ||     1
       Iron Shot         |       |       |       |       |   110 |   264 ||   374
       Dispersal         |       |       |       |       |       |     7 ||     7
Invok: Curse Item        |       |       |     1 |     5 |     4 |     1 ||    11
       Shatter the Chain |       |       |       |       |     1 |     1 ||     2
Evoke: Wand              |       |       |    15 |     4 |     1 |     5 ||    25
  Use: Potion            |       |     1 |     2 |     1 |     2 |    18 ||    24
       Scroll            |       |     2 |    18 |     1 |     5 |     3 ||    29
 Stab: Sleeping          |     1 |     1 |     3 |     4 |     4 |       ||    13
       Confused          |       |       |     5 |    21 |    15 |     1 ||    42
       Paralysed         |       |       |       |     9 |       |       ||     9
       Distracted        |       |       |       |       |     1 |     1 ||     2
Armor: Robe              |     2 |       |       |       |       |       ||     2
       Leather armour    |     2 |    27 |    43 |    55 |    60 |    36 ||   223
Dodge: Dodged            |     8 |    72 |   150 |   117 |   296 |   287 ||   930
Block: Buckler           |       |       |     1 |   107 |   173 |   245 ||   526
       Reflection        |       |       |       |       |       |    23 ||    23

Table legend: (Time is in decaauts)
 A = Elapsed time spent in this place.
 B = Non-inter-level travel time spent in this place.
 C = Inter-level travel time spent in this place.
 D = Time resting spent in this place.
 E = Time spent auto-exploring this place.
 F = Levels seen in this place.
 G = Mean time per level.
                   A        B        C        D        E       F      G
               +--------+--------+--------+--------+--------+-----+--------+
         Total |  35529 |  33569 |   1960 |   9846 |  15347 |  31 | 1146.1 |
       Dungeon |  17509 |  16652 |    857 |   5203 |   7951 |  15 | 1167.3 |
        Temple |    109 |     79 |     30 |      0 |     70 |   1 |  109.0 |
          Lair |   7722 |   6972 |    750 |   1333 |   4187 |   6 | 1287.0 |
        Shoals |   4528 |   4392 |    136 |   1217 |   2008 |   4 | 1132.0 |
   Spider Nest |    214 |    214 |      0 |     63 |      9 |   1 |  214.0 |
  Orcish Mines |   3616 |   3430 |    186 |   1399 |    867 |   2 | 1808.0 |
        Bailey |    944 |    944 |      0 |    381 |     98 |   1 |  944.0 |
      Ice Cave |    885 |    885 |      0 |    250 |    157 |   1 |  885.0 |
               +--------+--------+--------+--------+--------+-----+--------+

Top non-repeatable levels by time:
   Orc:2: 2795 daAuts
     D:7: 2170 daAuts
     D:4: 2134 daAuts
Shoals:4: 1690 daAuts
  Lair:6: 1610 daAuts
    D:10: 1476 daAuts
  Lair:3: 1411 daAuts
    D:11: 1394 daAuts
  Lair:2: 1348 daAuts
  Lair:1: 1317 daAuts
     D:3: 1317 daAuts
     D:2: 1313 daAuts
     D:8: 1186 daAuts
     D:1: 1177 daAuts
     D:9: 1173 daAuts
